 Dungeon Crawl Stone Soup version 0.28.0-47-ge53b351184 (webtiles) character file.

Game seed: 2860350364545584802

60 Exodus22XD the Covered (level 3, 0/33 HPs)
             Began as a Minotaur Fighter on May 8, 2022.
             Slain by Grinder (2 damage)
             ... on level 3 of the Dungeon.
             The game lasted 00:01:48 (1969 turns).

Exodus22XD the Covered (Minotaur Fighter)           Turns: 1969, Time: 00:01:50

Health: 0/33       AC:  8    Str: 22    XL:     3   Next: 80%
Magic:  2/2        EV:  9    Int:  5    God:
Gold:   99         SH:  4    Dex:  9    Spells: 2/2 levels left

rFire   . . .      SeeInvis .   a - +0 war axe
rCold   . . .      Faith    .   c - +0 buckler
rNeg    . . .      Spirit   .   b - +0 scale mail
rPois   .          Reflect  .   (helmet restricted)
rElec   .          Harm     .   j - +0 cloak
rCorr   .          Rampage  .   (no gloves)
Will    .....                   (no boots)
Stlth   ..........              (no amulet)
HPRegen 0.11/turn               (no ring)
MPRegen 0.08/turn               (no ring)

@: no status effects
A: horns 2, retaliatory headbutt
a: no special abilities


You were on level 3 of the Dungeon.
You visited 1 branch of the dungeon, and saw 3 of its levels.

You collected 99 gold pieces.

Inventory:

Hand Weapons
 a - a +0 war axe (weapon)
Armour
 b - a +0 scale mail (worn)
 c - a +0 buckler (worn)
 j - a +0 cloak (worn)
Scrolls
 e - a scroll of magic mapping {unknown}
 f - a scroll of torment {unknown}
 h - a scroll of teleportation {unknown}
 i - a scroll of amnesia {unknown}
 k - a scroll of fog {unknown}
 m - a scroll of fear {unknown}
 n - a scroll of immolation {unknown}
Potions
 d - a potion of might
 g - a potion of flight {unknown}
 l - a potion of haste


   Skills:
 + Level 4.2 Fighting
 + Level 3.4 Axes
 + Level 4.4 Armour
 + Level 4.0 Shields


You had 2 spell levels left.
You didn't know any spells.
Your spell library contained the following spells:

 Spells                   Type           Power      Damage    Failure   Level
 Sandblast                Erth           0%         2d4       87%         1
 Passwall                 Tmut/Erth      0%         N/A       95%         2
 Static Discharge         Conj/Air       0%         N/A       95%         2
 Stone Arrow              Conj/Erth      0%         3d7       99%         3
 Dispel Undead            Necr           0%         3d6       100%        4
 Sticky Flame             Conj/Fire      0%         2d3       100%        4


Dungeon Overview and Level Annotations

Branches:
Dungeon (3/15)

Altars:
Uskayaw

Shops:
D:1 !

Annotations:
D:3 Grinder


Innate Abilities, Weirdness & Mutations

You have a pair of horns on your head.
You reflexively headbutt those who attack you in melee.


Message History

The giant cockroach bites you but does no damage.
Okay, then.
Okay, then.
Grinder says, "I used to sell toenails on the black market."
The giant cockroach closely misses you. You furiously retaliate!
You headbutt the giant cockroach, but do no damage.
Grinder blinks!
The giant cockroach bites you but does no damage.
A frilled lizard comes into view.
The frilled lizard hisses angrily.
Grinder gestures at you. Pain shoots through your body!
The giant cockroach closely misses you.
Grinder says, "FISH!"
Grinder gestures at you.
You suddenly lose the ability to move!
The giant cockroach bites you but does no damage. x2
Grinder says, "What is the universe for?"
Grinder gestures at you. Pain shoots through your body!
The frilled lizard bites you but does no damage.
Grinder hits you.
You writhe in agony.
* * * LOW HITPOINT WARNING * * *
The giant cockroach bites you but does no damage.
The frilled lizard bites you but does no damage.
Grinder hits you.
* * * LOW HITPOINT WARNING * * *
You writhe in agony.
* * * LOW HITPOINT WARNING * * *
You can move again.
Unknown command.
You block the giant cockroach's attack.
The frilled lizard bites you but does no damage.
There is a stone staircase leading down here.
You hit Grinder. You headbutt Grinder!
Grinder is heavily wounded.
You barely miss the giant cockroach.
You hit the frilled lizard but do no damage.
Grinder is no longer moving quickly.
Grinder hits you but does no damage. The giant cockroach barely misses you.
Grinder hits you.
You die...

## #...<#.#.### #.# .#
#.####.#.#<# #.# .# #.####.#.#.#
#.# .####..5...#.#.######### #.#
.#.....###.#.#.).......# #.#
.#ยง###.###.#.....#####.# #.#
.............###.#####.###.######
.#.###.###.....5................#
.(.............B@#####.###.####.#
.#.###....#.#..l.........#...##.#
.#.# ####.#.#....#####.....#....#
.#.. ........... ............
.#### ....###.#.##.##^#.#.####.#
.. ..... ..... ...#.#.# #.# ##
... ##.#.## ###.#.# #.# #####..
..#.# ... .....# ###


You could see Grinder, a giant cockroach and a frilled lizard.

Vanquished Creatures
  A gnoll (D:1)
  An adder (D:2)
  An adder skeleton (D:2)
  3 ball pythons
  2 endoplasms
  2 giant cockroaches
  4 goblins
  3 hobgoblins
  2 jackals (D:2)
  3 quokkas
  2 bats
  A frilled lizard (D:1)
  5 kobolds
  4 rats
34 creatures vanquished.

Notes
Turn   | Place    | Note
-------+----------+-------------------------------------------
     0 | D:1      | Exodus22XD the Minotaur Fighter began the quest for the
                  | Orb.
     0 | D:1      | Reached XP level 1. HP: 19/19 MP: 0/0
   197 | D:1      | Reached XP level 2. HP: 26/27 MP: 1/1
   368 | D:1      | Found Cohud's Distillery.
  1082 | D:2      | Reached XP level 3. HP: 33/33 MP: 2/2
  1910 | D:3      | Noticed a +0 spear
  1911 | D:3      | Noticed a +0 dagger
  1911 | D:3      | Noticed a +0 falchion
  1911 | D:3      | Noticed a +0 short sword
  1912 | D:3      | Noticed a +0 dagger
  1913 | D:3      | Noticed a +0 short sword
  1913 | D:3      | Noticed a +0 falchion
  1913 | D:3      | Noticed a +0 spear
  1916 | D:3      | Found a hide-covered altar of Uskayaw.
  1924 | D:3      | Noticed Grinder
  1927 | D:3      | Paralysed by Grinder for 6 turns
  1964 | D:3      | Paralysed by Grinder for 4 turns
  1969 | D:3      | Slain by Grinder

Illustrated notes

Levels and vault maps discovered:
D:1:      matt_arrival_spirals, layout_basic, serial_shops,
          nicolae_shop_advertising_works [nicolae_subvault_shop_adworks],
          hex_tiny
D:2:      layout_basic, minivault_14
D:3:      layout_basic, nicolae_uskayaw_en_pointe, kennysheep_generic_room_2,
          uniq_sigmund, uniq_grinder, uniq_crazy_yiuf_cottage

Skill      XL: |  1  2 |
---------------+-------+-----
Fighting       | 4 |  4.2
Armour         | 4 |  4.4
Shields        | 4 |  4.0
Axes           | 3 |  3.4

Action                   || total
-------------------------++-------
Melee: War axe           ||    91
       Headbutt          ||     7
Armor: Scale mail        ||    62
Dodge: Dodged            ||    49
Block: Buckler           ||    17
